 Dungeon Crawl Stone Soup version 0.19.5 (webtiles) character file.

478 Hybris the Cudgeler (level 6, -6/47 HPs)
             Began as a Demonspawn Berserker on Mar 31, 2017.
             Was a Priest of Trog.
             Mangled by Hybris's ghost (8 damage)
             ... on level 4 of the Dungeon.
             The game lasted 00:07:20 (3964 turns).

Hybris the Cudgeler (Demonspawn Berserker)          Turns: 3964, Time: 00:07:20

Health: -6/47      AC:  3    Str: 18 (19) XL:     6   Next: 86%
Magic:  6/6        EV: 12    Int:  7 (8)  God:    Trog [***...]
Gold:   183        SH:  0    Dex: 11 (13) Spells: 0 memorised, 5 levels left

rFire  . . .     SeeInvis .     l - +0 whip (venom)
rCold  + . .     Gourm    +     b - +0 animal skin
rNeg   . . .     Faith    .     (no shield)
rPois  .         Spirit   .     t - +0 helmet
rElec  .         Reflect  .     (no cloak)
rCorr  .         Harm     .     (no gloves)
MR     .....                    (no boots)
Stlth  +.........               h - amulet of the gourmand
                                (no ring)
                                (no ring)

@: exhausted, slowed, very slow
A: hooves 1, cold resistance 1, foul stench 1, rot immunity
a: Berserk, Trog's Hand, Burn Spellbooks, Renounce Religion


You were on level 4 of the Dungeon.
You worshipped Trog.
Trog was most pleased with you.
You were not hungry.

You visited 1 branch of the dungeon, and saw 4 of its levels.

You collected 183 gold pieces.

Inventory:

Hand Weapons
 l - a +0 whip of venom (weapon)
Armour
 b - a +0 animal skin (worn)
 t - a +0 helmet (worn)
Jewellery
 h - an amulet of the gourmand (around neck)
Scrolls
 e - 2 scrolls of remove curse
 f - a scroll of identify {unknown}
 i - a scroll of enchant weapon {unknown}
 p - a scroll of magic mapping {unknown}
 q - a scroll of enchant armour {unknown}
 s - a scroll of teleportation {unknown}
Potions
 a - a potion of degeneration
 d - a potion of agility {unknown}
 k - 2 potions of curing {unknown}
 m - a potion of might {unknown}
 o - a potion of brilliance {unknown}
Comestibles
 c - a bread ration
 g - 3 fruits
 j - 4 royal jellies


   Skills:
 + Level 3.3 Fighting
   Level 3.7(5.2) Axes
 * Level 5.7(6.2) Maces & Flails
 - Level 1.7 Armour
 - Level 1.7 Dodging


You had 5 spell levels left.
You didn't know any spells.

Dungeon Overview and Level Annotations

Branches:
Dungeon (4/15)
 Temple: D:4-7

Altars:
Hepliaklqana

Annotations:
D:4 Hybris's ghost, amateur DsBe


Innate Abilities, Weirdness & Mutations

You have large cloven feet.
Your flesh is cold resistant. (rC+)
You may emit foul miasma when damaged in melee.
You are immune to rotting.


Message History

You feel a strong urge to attack something.
Hybris's ghost (amateur Demonspawn Berserker) comes into view.
You are no longer berserk.
You are exhausted.
You feel yourself slow down.
Found a cyan potion.
The ogre closely misses you.
You barely miss the ogre. Your kick misses the ogre.
The ogre barely misses you.
You barely miss the ogre. You kick the ogre, but do no damage.
The ogre closely misses you.
You barely miss the ogre. The ogre hits you with a giant club!!
* * * LOW HITPOINT WARNING * * *
You emit a cloud of foul miasma!
Hybris's ghost hits you.
* * * LOW HITPOINT WARNING * * *
Hybris's ghost misses you.
The ogre is engulfed in dark miasma.
The ogre is poisoned.
A worm comes into view.
The ogre barely misses you. Hybris's ghost hits you!
You die...

.......##.!.#
............ ....
...%........ ..=.
........... .....
#w.... ....
.....##>ยง.# ...#
.....[....##...##
........OW.......
........@........
....##.[[##....
### ##.).# ..#
#....# .# #....+
# #...<# ##...#
#####


You could see an ogre, a worm and Hybris's ghost.

Vanquished Creatures
  Sigmund (D:3)
  An ogre (D:4)
  A hound (D:4)
  Jessica (D:2)
  Ijyb (D:3)
  Terence (D:2)
  3 adders
  3 oozes
  A dart slug (D:1)
  4 leopard geckos
  5 orcs
  3 giant cockroaches
  14 goblins
  6 hobgoblins
  11 jackals
  9 kobolds
  2 ball pythons (D:2)
  5 bats
  4 frilled lizards
  9 rats
85 creatures vanquished.

Notes
Turn   | Place    | Note
-------+----------+-------------------------------------------
     0 | D:1      | Hybris the Demonspawn Berserker began the quest for the Orb.
     0 | D:1      | Reached XP level 1. HP: 18/18 MP: 1/1
   181 | D:1      | Gained mutation: You are immune to rotting. [demonic ancestry]
   181 | D:1      | Reached XP level 2. HP: 24/24 MP: 2/2
   919 | D:1      | HP: 1/24 [jackal (1)]
  1681 | D:2      | Noticed Jessica
  1687 | D:2      | Killed Jessica
  1687 | D:2      | Reached skill level 1 in Maces & Flails
  1687 | D:2      | Gained mutation: You may emit foul miasma when damaged in melee. [demonic ancestry]
  1687 | D:2      | Reached XP level 3. HP: 23/29 MP: 3/3
  1801 | D:2      | Reached skill level 2 in Maces & Flails
  1895 | D:2      | Reached ** piety under Trog
  1904 | D:2      | Noticed Terence
  1909 | D:2      | Gained mutation: Your flesh is cold resistant. (rC+) [demonic ancestry]
  1909 | D:2      | Reached XP level 4. HP: 33/35 MP: 4/4
  1913 | D:2      | Killed Terence
  2459 | D:3      | Noticed Sigmund
  2473 | D:3      | Killed Sigmund
  2473 | D:3      | Reached skill level 4 in Maces & Flails
  2473 | D:3      | Reached XP level 5. HP: 26/41 MP: 5/5
  2473 | D:3      | Gained mutation: You have large cloven feet. [demonic ancestry]
  2473 | D:3      | Reached XP level 6. HP: 30/47 MP: 6/6
  2764 | D:3      | Found a hazy altar of Hepliaklqana.
  2962 | D:3      | Noticed Ijyb
  2978 | D:3      | Killed Ijyb
  2978 | D:3      | Reached skill level 5 in Maces & Flails
  3125 | D:3      | Reached *** piety under Trog
  3957 | D:4      | Noticed Hybris's ghost (amateur DsBe)
  3962 | D:4      | HP: 2/47 [Hybris's ghost (5)]
  3964 | D:4      | Mangled by Hybris's ghost

Skill      XL: |  1  2  3  4  5  6 |
---------------+-------------------+-----
Axes           | 3 |  3.7
Maces & Flails | 1 2 4 5 |  5.7
Fighting       | |  3.3
Armour         | |  1.7
Dodging        | |  1.7

Action                   |  1- 3 |  4- 6 || total
-------------------------+-------+-------++-------
Melee: Hand axe          |    87 |       ||    87
       Whip              |    20 |   142 ||   162
       Kick              |       |    27 ||    27
Invok: Berserk           |       |     4 ||     4
  Use: Scroll            |       |     3 ||     3
       Potion            |       |     1 ||     1
 Stab: Sleeping          |       |     2 ||     2
  Eat: Chunk             |     3 |     7 ||    10
       Bread ration      |       |     1 ||     1
Armor: Animal skin       |    15 |    21 ||    36
Dodge: Dodged            |    68 |   114 ||   182
